IceHogs vs Monsters

Created - Saturday, January 11, 2025 at 03:40

Goals
1 2 3 T
IceHogs 0 0 2 2
Monsters 1 1 1 3
Shots
1 2 3 T
IceHogs 18 18 22 58
Monsters 8 7 10 25

1st period

1. Monsters , Erik Middendorf 6 (Mackie Samoskevich 21, Cam Dineen 9) at 4:46

Penalties :
Justin Barron (CLE) for Holding (Minor) at 0:05, Cam Dineen (CLE) for Slashing (Minor) at 8:23, Owen Sillinger (CLE) for Roughing (Minor) at 10:52, Drew Callin (CLE) for Roughing (Minor) at 14:15, Mathias Emilio Pettersen (CLE) for Slashing (Minor) at 18:35

2nd period

2. Monsters , Justin Barron 11 (Mackie Samoskevich 22, Mason Morelli 16) at 10:18

Penalties :
Nikita Zaitsev (RIH) for Holding (Minor) at 0:58, Zack MacEwen (CLE) for Delaying the game (Minor) at 1:03, Egor Afanasyev (RIH) for Holding (Minor) at 2:20, Philipp Grubauer (RIH) for Slashing (Minor) at 2:38 - Jeremie Poirier served the penalty., Kevin Gravel (CLE) for Cross-checking (Minor) at 11:43, Owen Sillinger (CLE) for Hooking (Minor) at 13:48, Cam Dineen (CLE) for Hooking (Minor) at 16:20

3rd period

3. IceHogs , Philip Tomasino 20 (Dennis Gilbert 10, Andrew Poturalski 17) at 3:15
4. IceHogs , Nikita Zaitsev 9 (Egor Afanasyev 20) at 4:26 (PP)
5. Monsters , Mathias Emilio Pettersen 13 (Drew Callin 4, Mike Vecchione 16) at 14:03

Penalties :
Isaak Phillips (CLE) for Goalie Interference (Minor) at 0:11, Jacob Larsson (CLE) for Roughing (Minor) at 3:20, Zack MacEwen (CLE) for Tripping (Minor) at 7:51, Jan Jenik (RIH) for Elbowing (Minor) at 10:55, Zack MacEwen (CLE) for Delaying the game (Minor) at 17:00

Goalie Stats

Philipp Grubauer (RIH), 22 saves from 25 shots - (0.880), L, 7-8-2, 59:09 minutes
Gustav Grigals (CLE), 56 saves from 58 shots - (0.966), W, 3-3-0, 60:00 minutes

Players Stats for IceHogs

Player Name              G  A  P  +/- PIM S  H  SB GA TA FO     MP     PP MP  PK MP  
------------------------------------------------------------------------------------
Andrew Poturalski        0  1  1   0  0   4  0  0  0  0  18/31  17:47   9:54   1:54 
Brendan Brisson          0  0  0  -1  0   4  3  0  0  0  2/3    21:34  11:45   0:50 
Brian Halonen            0  0  0   0  0   2  1  0  0  0  1/2     5:59   0:00   0:00 
Calle Rosen              0  0  0  -1  0   3  1  0  0  0  0/0    25:35  11:35   2:43 
Christian Fischer        0  0  0   0  0   2  1  0  0  0  0/0    11:28   1:16   1:26 
Dennis Gilbert           0  1  1   0  0   6  4  1  0  0  0/0    21:56  10:11   1:52 
Dominik Kubalik          0  0  0  -1  0   5  0  0  0  0  1/2    21:10  11:45   0:00 
Egor Afanasyev           0  1  1  -1  2   6  4  1  0  0  21/39  22:56  11:45   1:43 
Ethen Frank              0  0  0   0  0   3  2  0  0  0  7/13   12:24   3:13   0:25 
Filip Zadina             0  0  0   0  0   8  0  1  0  0  2/4    18:49   9:49   0:25 
Garrett Pilon            0  0  0   0  0   0  0  0  0  0  0/0     0:00   0:00   0:00 
Grant Hutton             0  0  0   0  0   2  1  2  0  0  0/0    22:14  10:19   2:02 
Jan Jenik                0  0  0  -1  2   0  0  0  0  0  7/10    8:29   0:00   0:00 
Jeremie Poirier          0  0  0  -1  0   0  2  1  0  0  0/0    14:30   1:57   0:18 
Markus Niemelainen       0  0  0  -1  0   0  3  2  0  0  0/0    11:16   0:42   0:00 
Nikita Zaitsev           1  0  1  -1  2   5  2  1  0  0  0/0    24:28  11:06   1:47 
Philip Tomasino          1  0  1  -1  0   8  0  0  0  0  1/2    22:33   8:36   0:00 
Valtteri Puustinen       0  0  0  -1  0   0  1  0  0  0  0/1     9:12   0:42   0:00 

Players Stats for Monsters

Player Name              G  A  P  +/- PIM S  H  SB GA TA FO     MP     PP MP  PK MP  
------------------------------------------------------------------------------------
Cam Dineen               0  1  1   2  4   0  1  3  0  0  0/0    10:19   0:00   0:00 
Cole McWard              0  0  0   1  0   0  1  0  0  0  0/0     6:17   0:00   0:34 
Colton Dach              0  0  0   0  0   1  0  0  0  0  1/3    12:28   0:00   3:43 
Drew Callin              0  1  1   1  2   1  3  0  0  0  1/3     9:57   0:00   0:00 
Erik Middendorf          1  0  1   1  0   1  2  0  0  0  8/14   11:44   0:00   0:00 
Graham Slaggert          0  0  0   0  0   0  0  0  0  0  1/1     0:46   0:00   0:36 
Isaak Phillips           0  0  0  -1  2   2  3  3  0  0  0/0    19:37   1:34  10:57 
Jacob Larsson            0  0  0   0  2   0  0  2  0  0  0/0    22:32   2:24  10:13 
Joe Hicketts             0  0  0   2  0   0  2  0  0  0  0/0    13:44   0:00   3:23 
Justin Barron            1  0  1   0  2   4  5  8  0  0  0/0    25:22   1:34  10:59 
Kevin Gravel             0  0  0   0  2   1  0  2  0  0  0/0    22:03   2:24   9:44 
Mackie Samoskevich       0  2  2   1  0   1  2  1  0  0  2/13   23:24   2:33   8:42 
Mason Morelli            0  1  1   1  0   1  1  1  0  0  1/3    24:04   2:14  13:08 
Mathias Emilio Pettersen 1  0  1   1  2   5  0  0  0  0  8/21   20:15   1:44   8:09 
Mike Vecchione           0  1  1   1  0   1  0  1  0  0  11/25  23:04   1:44  11:32 
Owen Sillinger           0  0  0   0  4   6  0  0  0  0  9/18   18:29   2:14   0:00 
Sean Farrell             0  0  0   0  0   0  0  0  0  0  0/0     0:00   0:00   0:00 
Zack MacEwen             0  0  0   0  6   1  3  0  0  0  5/6    11:07   1:24   0:00 

3 Stars

1 - Gustav Grigals (CLE)
2 - Justin Barron (CLE)
3 - Mackie Samoskevich (CLE)

Power Play

IceHogs - 1 on 13 Attempt(s) - 7.69%
Monsters - 0 on 4 Attempt(s) - 0.00%

Penalty Kill

IceHogs - 4 on 4 Attempt(s) - 100.00% - Score 0 goal in Penalty Kill
Monsters - 12 on 13 Attempt(s) - 92.31% - Score 0 goal in Penalty Kill

Team Stat

IceHogs - Hits : 25 - Faceoff Wins : 60 - Blocked Shots : 9 - Penalty Minutes : 8
Monsters - Hits : 23 - Faceoff Wins : 47 - Blocked Shots : 21 - Penalty Minutes : 26

Official

Referees : Gord Dwyer and Jean Hebert
Linesman : Scott Cherrey and Travis Gawryletz

Game Notes

No Game Note

Finance

Level 1 -- Attendance: 1913 (95.65%) -- Ticket Income $66,955
Level 2 -- Attendance: 922 (92.20%) -- Ticket Income $13,830
Total Attendance: 2835 (94.50%)
Total Ticket Income: $80,785
Other Income: $39,585
Total Income: $120,370

IceHogs

5 vs 5 Forward 
   Center                   Left Wing                Right Wing               Time % Phy DF OF 
 1 Egor Afanasyev           Brendan Brisson          Dominik Kubalik          25     1   2  2  
 2 Andrew Poturalski        Philip Tomasino          Brian Halonen            25     1   2  2  
 3 Ethen Frank              Christian Fischer        Filip Zadina             25     1   2  2  
 4 Jan Jenik                Valtteri Puustinen       Philip Tomasino          25     1   2  2  

5 vs 5 Defense 
   Defense                  Defense                                           Time % Phy DF OF 
 1 Nikita Zaitsev           Calle Rosen                                       25     1   2  2  
 2 Dennis Gilbert           Grant Hutton                                      25     1   2  2  
 3 Jeremie Poirier          Markus Niemelainen                                25     1   2  2  
 4 Nikita Zaitsev           Calle Rosen                                       25     1   2  2  

PowerPlay Forward 
   Center                   Left Wing                Right Wing               Time % Phy DF OF 
 1 Egor Afanasyev           Brendan Brisson          Dominik Kubalik          60     1   2  2  
 2 Andrew Poturalski        Philip Tomasino          Filip Zadina             40     1   2  2  

PowerPlay Defense
   Defense                  Defense                                           Time % Phy DF OF 
 1 Nikita Zaitsev           Calle Rosen                                       60     1   2  2  
 2 Dennis Gilbert           Grant Hutton                                      40     1   2  2  

Penalty Kill 4 Players Forward 
   Center                   Wing                     Time % Phy DF OF 
 1 Egor Afanasyev           Christian Fischer        60     1   2  2  
 2 Ethen Frank              Filip Zadina             40     1   2  2  

Penalty Kill 4 Players Defense
   Defense                  Defense                  Time % Phy DF OF 
 1 Nikita Zaitsev           Calle Rosen              60     1   2  2  
 2 Dennis Gilbert           Grant Hutton             40     1   2  2  

Penalty Kill - 3 Players Forward 
   Forward                                           Time % Phy DF OF 
 1 Egor Afanasyev                                    60     1   2  2  
 2 Christian Fischer                                 40     1   2  2  

Penalty Kill - 3 Players Defense
   Defense                  Defense                  Time % Phy DF OF 
 1 Nikita Zaitsev           Calle Rosen              60     1   2  2  
 2 Dennis Gilbert           Grant Hutton             40     1   2  2  

4 vs 4 Forward 
   Center                   Wing                     Time % Phy DF OF 
 1 Ethen Frank              Christian Fischer        60     1   2  2  
 2 Filip Zadina             Egor Afanasyev           40     1   2  2  

4 vs 4 Defense
   Defense                  Defense                  Time % Phy DF OF 
 1 Nikita Zaitsev           Calle Rosen              60     1   2  2  
 2 Dennis Gilbert           Grant Hutton             40     1   2  2  

Last Minutes Offensive
   Center                   Left Wing                Right Wing               Defense                  Defense                  
   Egor Afanasyev           Brendan Brisson          Philip Tomasino          Nikita Zaitsev           Calle Rosen              

Last Minutes Defensive
   Center                   Left Wing                Right Wing               Defense                  Defense                  
   Egor Afanasyev           Christian Fischer        Filip Zadina             Nikita Zaitsev           Calle Rosen              

Goaltenders
Starting : Philipp Grubauer         
Backup : Troy Grosenick           

Extra Forwards
Normal : Ethen Frank, Brendan Brisson, Andrew Poturalski - PP : Ethen Frank, Brendan Brisson - PK : Andrew Poturalski
Extra Defensemen
Normal : Jeremie Poirier, Nikita Zaitsev, Dennis Gilbert - PP : Jeremie Poirier - PK : Calle Rosen, Dennis Gilbert
Penalty Shots
Brian Halonen, Philip Tomasino, Filip Zadina, Egor Afanasyev, Dominik Kubalik
Custom OT Lines Forwards
Egor Afanasyev, Brendan Brisson, Andrew Poturalski, Philip Tomasino, Dominik Kubalik, Brian Halonen, Ethen Frank, Filip Zadina, Valtteri Puustinen, Christian Fischer
Custom OT Lines Defensemen
Nikita Zaitsev, Calle Rosen, Dennis Gilbert, Grant Hutton, Jeremie Poirier

Scratches
Karl Henriksson (Healthy), Radim Zohorna (Healthy), Joe Snively (Healthy), James Hamblin (Healthy), T.J. Tynan (Healthy)
Josh Bloom (Healthy), Pierrick Dube (Healthy), Carson Meyer (Healthy), Matthew Seminoff (Healthy), Danny Zhilkin (Healthy)
Rory Kerins (Healthy), Josh Maniscalco (Healthy), Casey Fitzgerald (Healthy), Nate Sucese (Healthy), Josh Dunne (Healthy)
Mason Primeau (Healthy), Isaac Poulter (Healthy)

Monsters

5 vs 5 Forward 
   Center                   Left Wing                Right Wing               Time % Phy DF OF 
 1 Erik Middendorf          Mason Morelli            Mackie Samoskevich       25     1   2  2  
 2 Mathias Emilio Pettersen Drew Callin              Mike Vecchione           25     1   2  2  
 3 Zack MacEwen             Colton Dach              Owen Sillinger           25     1   2  2  
 4 Owen Sillinger           Erik Middendorf          Mackie Samoskevich       25     1   2  2  

5 vs 5 Defense 
   Defense                  Defense                                           Time % Phy DF OF 
 1 Justin Barron            Isaak Phillips                                    25     1   2  2  
 2 Kevin Gravel             Jacob Larsson                                     25     1   2  2  
 3 Cam Dineen               Joe Hicketts                                      25     1   2  2  
 4 Cole McWard              Justin Barron                                     25     1   2  2  

PowerPlay Forward 
   Center                   Left Wing                Right Wing               Time % Phy DF OF 
 1 Owen Sillinger           Mason Morelli            Mackie Samoskevich       60     1   2  2  
 2 Mathias Emilio Pettersen Zack MacEwen             Mike Vecchione           40     1   2  2  

PowerPlay Defense
   Defense                  Defense                                           Time % Phy DF OF 
 1 Justin Barron            Isaak Phillips                                    60     1   2  2  
 2 Kevin Gravel             Jacob Larsson                                     40     1   2  2  

Penalty Kill 4 Players Forward 
   Center                   Wing                     Time % Phy DF OF 
 1 Mike Vecchione           Mason Morelli            60     1   2  2  
 2 Mackie Samoskevich       Mathias Emilio Pettersen 40     1   2  2  

Penalty Kill 4 Players Defense
   Defense                  Defense                  Time % Phy DF OF 
 1 Justin Barron            Isaak Phillips           60     1   2  2  
 2 Kevin Gravel             Jacob Larsson            40     1   2  2  

Penalty Kill - 3 Players Forward 
   Forward                                           Time % Phy DF OF 
 1 Mackie Samoskevich                                60     1   2  2  
 2 Mason Morelli                                     40     1   2  2  

Penalty Kill - 3 Players Defense
   Defense                  Defense                  Time % Phy DF OF 
 1 Justin Barron            Isaak Phillips           60     1   2  2  
 2 Kevin Gravel             Jacob Larsson            40     1   2  2  

4 vs 4 Forward 
   Center                   Wing                     Time % Phy DF OF 
 1 Owen Sillinger           Mason Morelli            60     1   2  2  
 2 Mackie Samoskevich       Mathias Emilio Pettersen 40     1   2  2  

4 vs 4 Defense
   Defense                  Defense                  Time % Phy DF OF 
 1 Justin Barron            Isaak Phillips           60     1   2  2  
 2 Kevin Gravel             Jacob Larsson            40     1   2  2  

Last Minutes Offensive
   Center                   Left Wing                Right Wing               Defense                  Defense                  
   Owen Sillinger           Mason Morelli            Mackie Samoskevich       Justin Barron            Isaak Phillips           

Last Minutes Defensive
   Center                   Left Wing                Right Wing               Defense                  Defense                  
   Owen Sillinger           Mason Morelli            Mackie Samoskevich       Justin Barron            Isaak Phillips           

Goaltenders
Starting : Gustav Grigals           
Backup : Evan Cormier             

Extra Forwards
Normal : Mason Morelli, Zack MacEwen, Colton Dach - PP : Mackie Samoskevich, Zack MacEwen - PK : Colton Dach
Extra Defensemen
Normal : Cam Dineen, Joe Hicketts, Cole McWard - PP : Cam Dineen - PK : Joe Hicketts, Cole McWard
Penalty Shots
Zack MacEwen, Mason Morelli, Mackie Samoskevich, Mathias Emilio Pettersen, Mike Vecchione
Custom OT Lines Forwards
Drew Callin, Mason Morelli, Mackie Samoskevich, Mathias Emilio Pettersen, Mike Vecchione, Zack MacEwen, Owen Sillinger, Graham Slaggert, Colton Dach, Erik Middendorf
Custom OT Lines Defensemen
Justin Barron, Isaak Phillips, Kevin Gravel, Jacob Larsson, Cam Dineen

Scratches
Reece Newkirk (Healthy), Tommy Miller (Healthy), Reid Schaefer (Healthy), Tanner Dickinson (Healthy), Brady Keeper (Healthy)
Jake Gaudet (Healthy), Cameron Crotty (Healthy), Calle Clang (Healthy), Arvid Holm (Healthy)

% Time on Ice - IceHogs

Lines # - Real PCT - Wanted PCT - Time Play
Normal Forward
1 - 26% - 25% - 7:53
2 - 20% - 25% - 5:59
3 - 27% - 25% - 8:05
4 - 28% - 25% - 8:30
Normal Defense
1 - 16% - 25% - 5:01
2 - 30% - 25% - 9:17
3 - 35% - 25% - 10:34
4 - 18% - 25% - 5:35
PP Forward
1 - 51% - 60% - 11:45
2 - 49% - 40% - 11:10
PP Defense
1 - 55% - 60% - 12:36
2 - 45% - 40% - 10:19
PK Forward
1 - 82% - 60% - 1:57
2 - 18% - 40% - 0:25
PK Defense
1 - 57% - 60% - 1:21
2 - 43% - 40% - 1:01
PK3 Forward
1 - 100% - 60% - 1:59
2 - 0% - 40% - 0:00
PK3 Defense
1 - 72% - 60% - 1:26
2 - 28% - 40% - 0:33
44 Forward
1 - 53% - 60% - 0:41
2 - 47% - 40% - 0:36
44 Defense
1 - 53% - 60% - 0:41
2 - 47% - 40% - 0:36
Last Minute Offensive  - 1:00
Last Minute Defensive  - 0:00
Total
Forward - 60:00
Defense - 60:00

% Time on Ice - Monsters

Lines # - Real PCT - Wanted PCT - Time Play
Normal Forward
1 - 21% - 25% - 6:27
2 - 33% - 25% - 9:58
3 - 29% - 25% - 8:45
4 - 17% - 25% - 5:17
Normal Defense
1 - 20% - 25% - 6:03
2 - 31% - 25% - 9:20
3 - 31% - 25% - 9:21
4 - 19% - 25% - 5:43
PP Forward
1 - 56% - 60% - 2:14
2 - 44% - 40% - 1:44
PP Defense
1 - 39% - 60% - 1:34
2 - 61% - 40% - 2:24
PK Forward
1 - 62% - 60% - 14:13
2 - 38% - 40% - 8:42
PK Defense
1 - 53% - 60% - 12:10
2 - 47% - 40% - 10:45
PK3 Forward
1 - 0% - 60%
2 - 0% - 40%
PK3 Defense
1 - 0% - 60%
2 - 0% - 40%
44 Forward
1 - 75% - 60% - 1:15
2 - 25% - 40% - 0:25
44 Defense
1 - 64% - 60% - 1:04
2 - 36% - 40% - 0:36
Last Minute Offensive  - 0:00
Last Minute Defensive  - 1:00
Total
Forward - 60:00
Defense - 60:00

Play-by-Play

1st period


0:01 of 1st period - Egor Afanasyev wins face-off versus Erik Middendorf in neutral zone.
0:01 of 1st period - Nikita Zaitsev is hit by Erik Middendorf and loses puck.
0:05 of 1st period - Minor Penalty to Justin Barron for Holding.
0:06 of 1st period - Egor Afanasyev wins face-off versus Mike Vecchione in Monsters zone.
0:16 of 1st period - Icing by Egor Afanasyev.
0:17 of 1st period - Dominik Kubalik wins face-off versus Mackie Samoskevich in IceHogs zone.
0:32 of 1st period - Shot by Brendan Brisson.
0:32 of 1st period - Stopped by Gustav Grigals with a rebound.
0:34 of 1st period - Shot by Brendan Brisson.
0:34 of 1st period - Stopped by Gustav Grigals without a rebound.
0:35 of 1st period - Andrew Poturalski wins face-off versus Mike Vecchione in Monsters zone.
0:50 of 1st period - Shot by Andrew Poturalski.
0:50 of 1st period - Shot Blocked by Isaak Phillips.
1:32 of 1st period - Shot by Dominik Kubalik.
1:32 of 1st period - Shot Misses the Net.
1:44 of 1st period - Shot by Nikita Zaitsev.
1:44 of 1st period - Stopped by Gustav Grigals with a rebound.
2:23 of 1st period - Shot by Owen Sillinger.
2:23 of 1st period - Stopped by Philipp Grubauer without a rebound.
2:24 of 1st period - Jan Jenik wins face-off versus Owen Sillinger in IceHogs zone.
2:24 of 1st period - Jan Jenik is hit by Erik Middendorf.
2:36 of 1st period - Shot by Philip Tomasino.
2:36 of 1st period - Shot Misses the Net.
2:38 of 1st period - Shot by Philip Tomasino.
2:38 of 1st period - Stopped by Gustav Grigals without a rebound.
2:39 of 1st period - Mathias Emilio Pettersen wins face-off versus Andrew Poturalski in Monsters zone.
2:39 of 1st period - Jacob Larsson is hit by Brian Halonen and loses puck.
2:49 of 1st period - Mathias Emilio Pettersen is hit by Markus Niemelainen and loses puck.
2:53 of 1st period - Mathias Emilio Pettersen is hit by Jeremie Poirier and loses puck.
3:23 of 1st period - Philip Tomasino is hit by Isaak Phillips and loses puck.
3:45 of 1st period - Shot by Ethen Frank.
3:45 of 1st period - Shot Blocked by Justin Barron.
3:54 of 1st period - Filip Zadina is hit by Isaak Phillips and loses puck.
3:59 of 1st period - Shot by Filip Zadina.
3:59 of 1st period - Deflect By Ethen Frank.
3:59 of 1st period - Shot Blocked by Justin Barron.
4:01 of 1st period - Shot by Nikita Zaitsev.
4:01 of 1st period - Shot Misses the Net.
4:27 of 1st period - Shot by Brendan Brisson.
4:27 of 1st period - Stopped by Gustav Grigals without a rebound.
4:28 of 1st period - Erik Middendorf wins face-off versus Egor Afanasyev in Monsters zone.
4:46 of 1st period - Shot by Mackie Samoskevich.
4:46 of 1st period - Deflect By Erik Middendorf.
4:46 of 1st period - Goal by Erik Middendorf - IceHogs : 0 - Monsters : 1.
4:47 of 1st period - Jan Jenik wins face-off versus Mathias Emilio Pettersen in neutral zone.
4:59 of 1st period - Shot by Mike Vecchione.
4:59 of 1st period - Shot Blocked by Nikita Zaitsev.
5:01 of 1st period - Shot by Mathias Emilio Pettersen.
5:01 of 1st period - Stopped by Philipp Grubauer without a rebound.
5:02 of 1st period - Erik Middendorf wins face-off versus Ethen Frank in IceHogs zone.
5:07 of 1st period - Shot by Cam Dineen.
5:07 of 1st period - Shot Misses the Net.
5:13 of 1st period - Shot by Filip Zadina.
5:13 of 1st period - Stopped by Gustav Grigals without a rebound.
5:14 of 1st period - Egor Afanasyev wins face-off versus Mike Vecchione in Monsters zone.
5:18 of 1st period - Brendan Brisson is hit by Cole McWard and loses puck.
5:21 of 1st period - Shot by Brendan Brisson.
5:21 of 1st period - Stopped by Gustav Grigals without a rebound.
5:22 of 1st period - Owen Sillinger wins face-off versus Egor Afanasyev in Monsters zone.
5:29 of 1st period - Nikita Zaitsev is hit by Mackie Samoskevich and loses puck.
6:12 of 1st period - Icing by Calle Rosen.
6:13 of 1st period - Mathias Emilio Pettersen wins face-off versus Egor Afanasyev in IceHogs zone.
6:13 of 1st period - Mathias Emilio Pettersen is hit by Nikita Zaitsev.
6:19 of 1st period - Shot by Drew Callin.
6:19 of 1st period - Deflect By Mathias Emilio Pettersen.
6:19 of 1st period - Stopped by Philipp Grubauer without a rebound.
6:20 of 1st period - Mathias Emilio Pettersen wins face-off versus Jan Jenik in IceHogs zone.
6:20 of 1st period - Cam Dineen is hit by Dennis Gilbert and loses puck.
6:25 of 1st period - Shot by Mike Vecchione.
6:25 of 1st period - Stopped by Philipp Grubauer without a rebound.
6:26 of 1st period - Jan Jenik wins face-off versus Mathias Emilio Pettersen in IceHogs zone.
6:35 of 1st period - Shot by Philip Tomasino.
6:35 of 1st period - Shot Misses the Net.
6:46 of 1st period - Shot by Mike Vecchione.
6:46 of 1st period - Shot Misses the Net.
7:12 of 1st period - Icing by Kevin Gravel.
7:13 of 1st period - Mathias Emilio Pettersen wins face-off versus Ethen Frank in Monsters zone.
7:36 of 1st period - Shot by Christian Fischer.
7:36 of 1st period - Shot Hit the Post.
7:38 of 1st period - Shot by Jeremie Poirier.
7:38 of 1st period - Shot Misses the Net.
7:40 of 1st period - Shot by Christian Fischer.
7:40 of 1st period - Deflect By Ethen Frank.
7:40 of 1st period - Shot Blocked by Mike Vecchione.
7:42 of 1st period - Shot by Markus Niemelainen.
7:42 of 1st period - Shot Blocked by Jacob Larsson.
7:44 of 1st period - Shot by Ethen Frank.
7:44 of 1st period - Stopped by Gustav Grigals without a rebound.
7:45 of 1st period - Erik Middendorf wins face-off versus Egor Afanasyev in Monsters zone.
8:01 of 1st period - Egor Afanasyev is hit by Isaak Phillips and loses puck.
8:04 of 1st period - Shot by Brendan Brisson.
8:04 of 1st period - Shot Misses the Net.
8:14 of 1st period - Shot by Egor Afanasyev.
8:14 of 1st period - Stopped by Gustav Grigals without a rebound.
8:15 of 1st period - Andrew Poturalski wins face-off versus Owen Sillinger in Monsters zone.
8:15 of 1st period - Andrew Poturalski is hit by Cam Dineen.
8:23 of 1st period - Minor Penalty to Cam Dineen for Slashing.
8:24 of 1st period - Colton Dach wins face-off versus Andrew Poturalski in Monsters zone.
8:30 of 1st period - Icing by Philip Tomasino.
8:31 of 1st period - Mike Vecchione wins face-off versus Andrew Poturalski in IceHogs zone.
9:31 of 1st period - Shot by Dominik Kubalik.
9:31 of 1st period - Stopped by Gustav Grigals with a rebound.
9:33 of 1st period - Shot by Nikita Zaitsev.
9:33 of 1st period - Stopped by Gustav Grigals without a rebound.
9:34 of 1st period - Egor Afanasyev wins face-off versus Mike Vecchione in Monsters zone.
9:39 of 1st period - Shot by Egor Afanasyev.
9:39 of 1st period - Shot Misses the Net.
9:41 of 1st period - Shot by Nikita Zaitsev.
9:41 of 1st period - Stopped by Gustav Grigals without a rebound.
9:42 of 1st period - Andrew Poturalski wins face-off versus Mike Vecchione in Monsters zone.
9:42 of 1st period - Filip Zadina is hit by Justin Barron and loses puck.
9:55 of 1st period - Shot by Andrew Poturalski.
9:55 of 1st period - Stopped by Gustav Grigals without a rebound.
9:56 of 1st period - Mike Vecchione wins face-off versus Egor Afanasyev in Monsters zone.
9:56 of 1st period - Mike Vecchione is hit by Egor Afanasyev.
10:20 of 1st period - Jacob Larsson is hit by Brendan Brisson and loses puck.
10:25 of 1st period - Shot by Christian Fischer.
10:25 of 1st period - Shot Blocked by Cam Dineen.
10:27 of 1st period - Shot by Filip Zadina.
10:27 of 1st period - Shot Blocked by Cam Dineen.
10:29 of 1st period - Shot by Filip Zadina.
10:29 of 1st period - Shot Misses the Net.
10:31 of 1st period - Shot by Christian Fischer.
10:31 of 1st period - Shot Misses the Net.
10:33 of 1st period - Shot by Filip Zadina.
10:33 of 1st period - Stopped by Gustav Grigals without a rebound.
10:34 of 1st period - Andrew Poturalski wins face-off versus Owen Sillinger in Monsters zone.
10:48 of 1st period - Mackie Samoskevich is hit by Nikita Zaitsev and loses puck.
10:52 of 1st period - Minor Penalty to Owen Sillinger for Roughing.
10:53 of 1st period - Egor Afanasyev wins face-off versus Mike Vecchione in Monsters zone.
11:40 of 1st period - Shot by Nikita Zaitsev.
11:40 of 1st period - Shot Blocked by Mackie Samoskevich.
12:06 of 1st period - Shot by Nikita Zaitsev.
12:06 of 1st period - Shot Blocked by Justin Barron.
12:21 of 1st period - Icing by Brendan Brisson.
12:22 of 1st period - Mike Vecchione wins face-off versus Egor Afanasyev in IceHogs zone.
13:00 of 1st period - Zack MacEwen is hit by Markus Niemelainen and loses puck.
13:20 of 1st period - Zack MacEwen is hit by Jeremie Poirier and loses puck.
13:37 of 1st period - Shot by Mackie Samoskevich.
13:37 of 1st period - Shot Misses the Net.
13:39 of 1st period - Shot by Mason Morelli.
13:39 of 1st period - Shot Misses the Net.
13:50 of 1st period - Shot by Mackie Samoskevich.
13:50 of 1st period - Shot Blocked by Markus Niemelainen.
13:58 of 1st period - Shot by Erik Middendorf.
13:58 of 1st period - Shot Blocked by Jeremie Poirier.
14:13 of 1st period - Icing by Valtteri Puustinen.
14:14 of 1st period - Jan Jenik wins face-off versus Mathias Emilio Pettersen in IceHogs zone.
14:14 of 1st period - Jan Jenik is hit by Drew Callin.
14:15 of 1st period - Minor Penalty to Drew Callin for Roughing.
14:16 of 1st period - Egor Afanasyev wins face-off versus Colton Dach in Monsters zone.
14:21 of 1st period - Shot by Dominik Kubalik.
14:21 of 1st period - Shot Blocked by Isaak Phillips.
14:23 of 1st period - Shot by Egor Afanasyev.
14:23 of 1st period - Shot Misses the Net.
15:04 of 1st period - Icing by Andrew Poturalski.
15:05 of 1st period - Mackie Samoskevich wins face-off versus Andrew Poturalski in IceHogs zone.
15:11 of 1st period - Icing by Grant Hutton.
15:12 of 1st period - Andrew Poturalski wins face-off versus Mackie Samoskevich in IceHogs zone.
15:27 of 1st period - Shot by Mackie Samoskevich.
15:27 of 1st period - Shot Blocked by Dennis Gilbert.
15:29 of 1st period - Shot by Jacob Larsson.
15:29 of 1st period - Shot Misses the Net.
15:41 of 1st period - Shot by Dennis Gilbert.
15:41 of 1st period - Shot Misses the Net.
15:43 of 1st period - Shot by Filip Zadina.
15:43 of 1st period - Shot Misses the Net.
15:45 of 1st period - Shot by Filip Zadina.
15:45 of 1st period - Stopped by Gustav Grigals without a rebound.
15:46 of 1st period - Egor Afanasyev wins face-off versus Mason Morelli in Monsters zone.
15:47 of 1st period - Shot by Nikita Zaitsev.
15:47 of 1st period - Shot Blocked by Kevin Gravel.
16:07 of 1st period - Isaak Phillips is hit by Egor Afanasyev and loses puck.
16:17 of 1st period - Off-side.
16:18 of 1st period - Owen Sillinger wins face-off versus Filip Zadina in neutral zone.
16:35 of 1st period - Shot by Joe Hicketts.
16:35 of 1st period - Shot Blocked by Filip Zadina.
16:37 of 1st period - Shot by Erik Middendorf.
16:37 of 1st period - Shot Misses the Net.
16:47 of 1st period - Shot by Mackie Samoskevich.
16:47 of 1st period - Shot Misses the Net.
16:50 of 1st period - Mackie Samoskevich is hit by Markus Niemelainen and loses puck.
17:07 of 1st period - Shot by Mathias Emilio Pettersen.
17:07 of 1st period - Stopped by Philipp Grubauer without a rebound.
17:08 of 1st period - Andrew Poturalski wins face-off versus Mathias Emilio Pettersen in IceHogs zone.
17:08 of 1st period - Andrew Poturalski is hit by Drew Callin.
17:28 of 1st period - Shot by Drew Callin.
17:28 of 1st period - Stopped by Philipp Grubauer with a rebound.
17:35 of 1st period - Off-side.
17:36 of 1st period - Zack MacEwen wins face-off versus Egor Afanasyev in neutral zone.
17:39 of 1st period - Egor Afanasyev is hit by Zack MacEwen and loses puck.
18:01 of 1st period - Shot by Owen Sillinger.
18:01 of 1st period - Stopped by Philipp Grubauer without a rebound.
18:02 of 1st period - Erik Middendorf wins face-off versus Jan Jenik in IceHogs zone.
18:20 of 1st period - Nikita Zaitsev is hit by Joe Hicketts and loses puck.
18:29 of 1st period - Shot by Philip Tomasino.
18:29 of 1st period - Stopped by Gustav Grigals without a rebound.
18:30 of 1st period - Mathias Emilio Pettersen wins face-off versus Ethen Frank in Monsters zone.
18:35 of 1st period - Minor Penalty to Mathias Emilio Pettersen for Slashing.
18:36 of 1st period - Mike Vecchione wins face-off versus Brendan Brisson in Monsters zone.
18:54 of 1st period - Shot by Egor Afanasyev.
18:54 of 1st period - Stopped by Gustav Grigals without a rebound.
18:55 of 1st period - Mike Vecchione wins face-off versus Andrew Poturalski in Monsters zone.
19:07 of 1st period - Filip Zadina is hit by Justin Barron and loses puck.
19:12 of 1st period - Shot by Filip Zadina.
19:12 of 1st period - Stopped by Gustav Grigals without a rebound.
19:13 of 1st period - Egor Afanasyev wins face-off versus Mackie Samoskevich in Monsters zone.
19:22 of 1st period - Shot by Dennis Gilbert.
19:22 of 1st period - Shot Misses the Net.
19:36 of 1st period - Shot by Dennis Gilbert.
19:36 of 1st period - Shot Misses the Net.
Goals for this period are 0 for IceHogs vs 1 for Monsters.
Shots for this period are 18 for IceHogs vs 8 for Monsters.

2nd period


0:01 of 2nd period - Egor Afanasyev wins face-off versus Mike Vecchione in neutral zone.
0:08 of 2nd period - Shot by Nikita Zaitsev.
0:08 of 2nd period - Shot Misses the Net.
0:10 of 2nd period - Shot by Nikita Zaitsev.
0:10 of 2nd period - Shot Misses the Net.
0:12 of 2nd period - Shot by Dominik Kubalik.
0:12 of 2nd period - Shot Blocked by Justin Barron.
0:14 of 2nd period - Shot by Calle Rosen.
0:14 of 2nd period - Stopped by Gustav Grigals without a rebound.
0:15 of 2nd period - Andrew Poturalski wins face-off versus Mike Vecchione in Monsters zone.
0:43 of 2nd period - Icing by Justin Barron.
0:44 of 2nd period - Egor Afanasyev wins face-off versus Owen Sillinger in Monsters zone.
0:58 of 2nd period - Minor Penalty to Nikita Zaitsev for Holding.
0:59 of 2nd period - Mathias Emilio Pettersen wins face-off versus Egor Afanasyev in IceHogs zone.
0:59 of 2nd period - Mike Vecchione is hit by Dennis Gilbert and loses puck.
1:03 of 2nd period - Minor Penalty to Zack MacEwen for Delaying the game.
1:04 of 2nd period - Ethen Frank wins face-off versus Owen Sillinger in Monsters zone.
1:17 of 2nd period - Shot by Christian Fischer.
1:17 of 2nd period - Shot Misses the Net.
1:42 of 2nd period - Shot by Mason Morelli.
1:42 of 2nd period - Stopped by Philipp Grubauer with a rebound.
1:44 of 2nd period - Shot by Owen Sillinger.
1:44 of 2nd period - Stopped by Philipp Grubauer without a rebound.
1:45 of 2nd period - Owen Sillinger wins face-off versus Filip Zadina in IceHogs zone.
1:55 of 2nd period - Icing by Dennis Gilbert.
1:56 of 2nd period - Filip Zadina wins face-off versus Mackie Samoskevich in IceHogs zone.
2:07 of 2nd period - Shot by Filip Zadina.
2:07 of 2nd period - Shot Misses the Net.
2:20 of 2nd period - Minor Penalty to Egor Afanasyev for Holding.
2:21 of 2nd period - Mason Morelli wins face-off versus Andrew Poturalski in IceHogs zone.
2:38 of 2nd period - Shot by Owen Sillinger.
2:38 of 2nd period - Stopped by Philipp Grubauer without a rebound.
2:38 of 2nd period - Minor Penalty to Philipp Grubauer for Slashing.
2:39 of 2nd period - Andrew Poturalski wins face-off versus Mathias Emilio Pettersen in IceHogs zone.
3:20 of 2nd period - Shot by Isaak Phillips.
3:20 of 2nd period - Stopped by Philipp Grubauer without a rebound.
3:21 of 2nd period - Owen Sillinger wins face-off versus Andrew Poturalski in IceHogs zone.
3:58 of 2nd period - Off-side.
3:59 of 2nd period - Brendan Brisson wins face-off versus Mathias Emilio Pettersen in neutral zone.
4:23 of 2nd period - Shot by Justin Barron.
4:23 of 2nd period - Stopped by Philipp Grubauer without a rebound.
4:24 of 2nd period - Egor Afanasyev wins face-off versus Owen Sillinger in IceHogs zone.
4:50 of 2nd period - Philip Tomasino is hit by Joe Hicketts and loses puck.
6:55 of 2nd period - Joe Hicketts is hit by Grant Hutton and loses puck.
8:13 of 2nd period - Shot by Valtteri Puustinen.
8:13 of 2nd period - Shot Misses the Net.
8:35 of 2nd period - Shot by Dominik Kubalik.
8:35 of 2nd period - Stopped by Gustav Grigals without a rebound.
8:36 of 2nd period - Brian Halonen wins face-off versus Drew Callin in Monsters zone.
8:49 of 2nd period - Shot by Brian Halonen.
8:49 of 2nd period - Deflect By Andrew Poturalski.
8:49 of 2nd period - Stopped by Gustav Grigals with a rebound.
8:57 of 2nd period - Shot by Brian Halonen.
8:57 of 2nd period - Stopped by Gustav Grigals without a rebound.
8:58 of 2nd period - Zack MacEwen wins face-off versus Ethen Frank in Monsters zone.
8:58 of 2nd period - Zack MacEwen is hit by Ethen Frank.
9:04 of 2nd period - Owen Sillinger is hit by Christian Fischer and loses puck.
9:15 of 2nd period - Shot by Christian Fischer.
9:15 of 2nd period - Shot Misses the Net.
9:25 of 2nd period - Shot by Ethen Frank.
9:25 of 2nd period - Stopped by Gustav Grigals with a rebound.
10:08 of 2nd period - Icing by Justin Barron.
10:09 of 2nd period - Erik Middendorf wins face-off versus Andrew Poturalski in Monsters zone.
10:18 of 2nd period - Shot by Justin Barron.
10:18 of 2nd period - Goal by Justin Barron - IceHogs : 0 - Monsters : 2.
10:19 of 2nd period - Jan Jenik wins face-off versus Mathias Emilio Pettersen in neutral zone.
10:21 of 2nd period - Valtteri Puustinen is hit by Drew Callin and loses puck.
10:49 of 2nd period - Shot by Mathias Emilio Pettersen.
10:49 of 2nd period - Shot Misses the Net.
10:51 of 2nd period - Shot by Cam Dineen.
10:51 of 2nd period - Shot Misses the Net.
11:05 of 2nd period - Shot by Zack MacEwen.
11:05 of 2nd period - Stopped by Philipp Grubauer with a rebound.
11:07 of 2nd period - Shot by Jacob Larsson.
11:07 of 2nd period - Shot Misses the Net.
11:43 of 2nd period - Minor Penalty to Kevin Gravel for Cross-checking.
11:44 of 2nd period - Mike Vecchione wins face-off versus Egor Afanasyev in Monsters zone.
11:50 of 2nd period - Icing by Dennis Gilbert.
11:51 of 2nd period - Egor Afanasyev wins face-off versus Mike Vecchione in IceHogs zone.
12:16 of 2nd period - Shot by Egor Afanasyev.
12:16 of 2nd period - Stopped by Gustav Grigals without a rebound.
12:17 of 2nd period - Egor Afanasyev wins face-off versus Mike Vecchione in Monsters zone.
12:37 of 2nd period - Shot by Brendan Brisson.
12:37 of 2nd period - Shot Misses the Net.
12:39 of 2nd period - Shot by Dominik Kubalik.
12:39 of 2nd period - Stopped by Gustav Grigals with a rebound.
12:41 of 2nd period - Shot by Grant Hutton.
12:41 of 2nd period - Stopped by Gustav Grigals with a rebound.
12:43 of 2nd period - Shot by Dennis Gilbert.
12:43 of 2nd period - Stopped by Gustav Grigals with a rebound.
12:45 of 2nd period - Shot by Dominik Kubalik.
12:45 of 2nd period - Shot Blocked by Jacob Larsson.
13:17 of 2nd period - Shot by Filip Zadina.
13:17 of 2nd period - Stopped by Gustav Grigals without a rebound.
13:18 of 2nd period - Filip Zadina wins face-off versus Mackie Samoskevich in Monsters zone.
13:23 of 2nd period - Shot by Philip Tomasino.
13:23 of 2nd period - Stopped by Gustav Grigals without a rebound.
13:24 of 2nd period - Andrew Poturalski wins face-off versus Mackie Samoskevich in Monsters zone.
13:48 of 2nd period - Minor Penalty to Owen Sillinger for Hooking.
13:49 of 2nd period - Mackie Samoskevich wins face-off versus Egor Afanasyev in Monsters zone.
14:11 of 2nd period - Icing by Brendan Brisson.
14:12 of 2nd period - Egor Afanasyev wins face-off versus Mike Vecchione in IceHogs zone.
14:12 of 2nd period - Egor Afanasyev is hit by Mason Morelli.
14:47 of 2nd period - Shot by Philip Tomasino.
14:47 of 2nd period - Stopped by Gustav Grigals with a rebound.
15:13 of 2nd period - Shot by Egor Afanasyev.
15:13 of 2nd period - Stopped by Gustav Grigals without a rebound.
15:14 of 2nd period - Brendan Brisson wins face-off versus Mackie Samoskevich in Monsters zone.
15:19 of 2nd period - Shot by Egor Afanasyev.
15:19 of 2nd period - Shot Blocked by Kevin Gravel.
15:27 of 2nd period - Shot by Egor Afanasyev.
15:27 of 2nd period - Stopped by Gustav Grigals without a rebound.
15:28 of 2nd period - Andrew Poturalski wins face-off versus Colton Dach in Monsters zone.
15:31 of 2nd period - Shot by Filip Zadina.
15:31 of 2nd period - Deflect By Philip Tomasino.
15:31 of 2nd period - Shot Misses the Net.
15:33 of 2nd period - Shot by Dennis Gilbert.
15:33 of 2nd period - Shot Blocked by Justin Barron.
15:35 of 2nd period - Shot by Grant Hutton.
15:35 of 2nd period - Shot Misses the Net.
15:37 of 2nd period - Shot by Andrew Poturalski.
15:37 of 2nd period - Deflect By Philip Tomasino.
15:37 of 2nd period - Stopped by Gustav Grigals without a rebound.
15:38 of 2nd period - Andrew Poturalski wins face-off versus Mike Vecchione in Monsters zone.
16:09 of 2nd period - Shot by Jeremie Poirier.
16:09 of 2nd period - Shot Blocked by Cam Dineen.
16:20 of 2nd period - Minor Penalty to Cam Dineen for Hooking.
16:21 of 2nd period - Mike Vecchione wins face-off versus Egor Afanasyev in Monsters zone.
16:21 of 2nd period - Mike Vecchione is hit by Egor Afanasyev.
16:58 of 2nd period - Jacob Larsson is hit by Brendan Brisson and loses puck.
17:34 of 2nd period - Shot by Philip Tomasino.
17:34 of 2nd period - Stopped by Gustav Grigals without a rebound.
17:35 of 2nd period - Mike Vecchione wins face-off versus Andrew Poturalski in Monsters zone.
18:31 of 2nd period - Shot by Dominik Kubalik.
18:31 of 2nd period - Deflect By Jan Jenik.
18:31 of 2nd period - Shot Misses the Net.
19:31 of 2nd period - Shot by Christian Fischer.
19:31 of 2nd period - Stopped by Gustav Grigals without a rebound.
19:32 of 2nd period - Erik Middendorf wins face-off versus Ethen Frank in Monsters zone.
19:32 of 2nd period - Jacob Larsson is hit by Ethen Frank and loses puck.
19:43 of 2nd period - Shot by Grant Hutton.
19:43 of 2nd period - Stopped by Gustav Grigals without a rebound.
19:44 of 2nd period - Erik Middendorf wins face-off versus Brian Halonen in Monsters zone.
Goals for this period are 0 for IceHogs vs 1 for Monsters.
Shots for this period are 18 for IceHogs vs 7 for Monsters.

3rd period


0:01 of 3rd period - Andrew Poturalski wins face-off versus Owen Sillinger in neutral zone.
0:11 of 3rd period - Minor Penalty to Isaak Phillips for Goalie Interference.
0:12 of 3rd period - Egor Afanasyev wins face-off versus Mike Vecchione in Monsters zone.
0:27 of 3rd period - Shot by Egor Afanasyev.
0:27 of 3rd period - Shot Misses the Net.
0:29 of 3rd period - Shot by Nikita Zaitsev.
0:29 of 3rd period - Shot Misses the Net.
1:07 of 3rd period - Shot by Andrew Poturalski.
1:07 of 3rd period - Stopped by Gustav Grigals without a rebound.
1:08 of 3rd period - Andrew Poturalski wins face-off versus Mike Vecchione in Monsters zone.
1:20 of 3rd period - Shot by Philip Tomasino.
1:20 of 3rd period - Stopped by Gustav Grigals without a rebound.
1:21 of 3rd period - Andrew Poturalski wins face-off versus Mackie Samoskevich in Monsters zone.
1:45 of 3rd period - Shot by Dennis Gilbert.
1:45 of 3rd period - Stopped by Gustav Grigals without a rebound.
1:46 of 3rd period - Mike Vecchione wins face-off versus Egor Afanasyev in Monsters zone.
1:46 of 3rd period - Mike Vecchione is hit by Egor Afanasyev.
2:04 of 3rd period - Shot by Jacob Larsson.
2:04 of 3rd period - Shot Misses the Net.
2:31 of 3rd period - Shot by Colton Dach.
2:31 of 3rd period - Stopped by Philipp Grubauer without a rebound.
2:32 of 3rd period - Owen Sillinger wins face-off versus Jan Jenik in IceHogs zone.
2:32 of 3rd period - Isaak Phillips is hit by Dennis Gilbert and loses puck.
2:36 of 3rd period - Icing by Grant Hutton.
2:37 of 3rd period - Jan Jenik wins face-off versus Erik Middendorf in IceHogs zone.
2:44 of 3rd period - Shot by Philip Tomasino.
2:44 of 3rd period - Shot Blocked by Isaak Phillips.
2:46 of 3rd period - Shot by Dennis Gilbert.
2:46 of 3rd period - Stopped by Gustav Grigals with a rebound.
2:48 of 3rd period - Shot by Valtteri Puustinen.
2:48 of 3rd period - Shot Blocked by Mason Morelli.
2:50 of 3rd period - Shot by Dennis Gilbert.
2:50 of 3rd period - The goal is going for a video replay.
2:50 of 3rd period - The goal is refused.
2:51 of 3rd period - Zack MacEwen wins face-off versus Dominik Kubalik in Monsters zone.
2:51 of 3rd period - Zack MacEwen is hit by Brendan Brisson.
3:01 of 3rd period - Shot by Kevin Gravel.
3:01 of 3rd period - Stopped by Philipp Grubauer without a rebound.
3:02 of 3rd period - Andrew Poturalski wins face-off versus Erik Middendorf in IceHogs zone.
3:08 of 3rd period - Brian Halonen is hit by Justin Barron and loses puck.
3:11 of 3rd period - Shot by Andrew Poturalski.
3:11 of 3rd period - Shot Misses the Net.
3:15 of 3rd period - Shot by Philip Tomasino.
3:15 of 3rd period - Goal by Philip Tomasino - IceHogs : 1 - Monsters : 2.
3:16 of 3rd period - Egor Afanasyev wins face-off versus Drew Callin in neutral zone.
3:20 of 3rd period - Minor Penalty to Jacob Larsson for Roughing.
3:21 of 3rd period - Mike Vecchione wins face-off versus Egor Afanasyev in Monsters zone.
3:45 of 3rd period - Shot by Calle Rosen.
3:45 of 3rd period - Stopped by Gustav Grigals without a rebound.
3:46 of 3rd period - Andrew Poturalski wins face-off versus Mackie Samoskevich in Monsters zone.
4:02 of 3rd period - Shot by Dennis Gilbert.
4:02 of 3rd period - Stopped by Gustav Grigals with a rebound.
4:12 of 3rd period - Shot by Andrew Poturalski.
4:12 of 3rd period - Shot Misses the Net.
4:16 of 3rd period - Shot by Filip Zadina.
4:16 of 3rd period - Stopped by Gustav Grigals without a rebound.
4:17 of 3rd period - Egor Afanasyev wins face-off versus Mackie Samoskevich in Monsters zone.
4:18 of 3rd period - Shot by Nikita Zaitsev.
4:18 of 3rd period - Stopped by Gustav Grigals with a rebound.
4:20 of 3rd period - Shot by Calle Rosen.
4:20 of 3rd period - Stopped by Gustav Grigals without a rebound.
4:21 of 3rd period - Egor Afanasyev wins face-off versus Mackie Samoskevich in Monsters zone.
4:22 of 3rd period - Shot by Nikita Zaitsev.
4:22 of 3rd period - Shot Blocked by Justin Barron.
4:24 of 3rd period - Shot by Nikita Zaitsev.
4:24 of 3rd period - Shot Blocked by Justin Barron.
4:26 of 3rd period - Shot by Nikita Zaitsev.
4:26 of 3rd period - Goal by Nikita Zaitsev - IceHogs : 2 - Monsters : 2.
4:27 of 3rd period - Owen Sillinger wins face-off versus Egor Afanasyev in neutral zone.
4:44 of 3rd period - Shot by Owen Sillinger.
4:44 of 3rd period - Stopped by Philipp Grubauer without a rebound.
4:45 of 3rd period - Mathias Emilio Pettersen wins face-off versus Andrew Poturalski in IceHogs zone.
4:49 of 3rd period - Icing by Grant Hutton.
4:50 of 3rd period - Mathias Emilio Pettersen wins face-off versus Andrew Poturalski in IceHogs zone.
5:10 of 3rd period - Shot by Isaak Phillips.
5:10 of 3rd period - Shot Misses the Net.
5:12 of 3rd period - Shot by Isaak Phillips.
5:12 of 3rd period - Shot Misses the Net.
5:14 of 3rd period - Shot by Justin Barron.
5:14 of 3rd period - Stopped by Philipp Grubauer without a rebound.
5:15 of 3rd period - Egor Afanasyev wins face-off versus Erik Middendorf in IceHogs zone.
5:15 of 3rd period - Egor Afanasyev is hit by Mackie Samoskevich.
5:36 of 3rd period - Shot by Dominik Kubalik.
5:36 of 3rd period - Stopped by Gustav Grigals without a rebound.
5:37 of 3rd period - Ethen Frank wins face-off versus Mathias Emilio Pettersen in Monsters zone.
5:40 of 3rd period - Shot by Filip Zadina.
5:40 of 3rd period - Stopped by Gustav Grigals without a rebound.
5:41 of 3rd period - Andrew Poturalski wins face-off versus Mathias Emilio Pettersen in Monsters zone.
5:42 of 3rd period - Shot by Dennis Gilbert.
5:42 of 3rd period - Stopped by Gustav Grigals without a rebound.
5:43 of 3rd period - Owen Sillinger wins face-off versus Philip Tomasino in Monsters zone.
5:51 of 3rd period - Owen Sillinger is hit by Calle Rosen and loses puck.
5:57 of 3rd period - Andrew Poturalski is hit by Justin Barron and loses puck.
6:13 of 3rd period - Andrew Poturalski is hit by Justin Barron and loses puck.
6:20 of 3rd period - Shot by Brian Halonen.
6:20 of 3rd period - Stopped by Gustav Grigals without a rebound.
6:21 of 3rd period - Egor Afanasyev wins face-off versus Mathias Emilio Pettersen in Monsters zone.
7:28 of 3rd period - Shot by Colton Dach.
7:28 of 3rd period - Shot Blocked by Grant Hutton.
7:48 of 3rd period - Shot by Colton Dach.
7:48 of 3rd period - Shot Misses the Net.
7:51 of 3rd period - Minor Penalty to Zack MacEwen for Tripping.
7:52 of 3rd period - Graham Slaggert wins face-off versus Andrew Poturalski in Monsters zone.
8:23 of 3rd period - Shot by Nikita Zaitsev.
8:23 of 3rd period - Shot Misses the Net.
8:25 of 3rd period - Shot by Philip Tomasino.
8:25 of 3rd period - Shot Blocked by Justin Barron.
9:55 of 3rd period - Shot by Egor Afanasyev.
9:55 of 3rd period - Stopped by Gustav Grigals with a rebound.
9:57 of 3rd period - Shot by Egor Afanasyev.
9:57 of 3rd period - Deflect By Dominik Kubalik.
9:57 of 3rd period - Stopped by Gustav Grigals without a rebound.
9:58 of 3rd period - Egor Afanasyev wins face-off versus Owen Sillinger in Monsters zone.
10:21 of 3rd period - Shot by Owen Sillinger.
10:21 of 3rd period - Stopped by Philipp Grubauer without a rebound.
10:22 of 3rd period - Ethen Frank wins face-off versus Mathias Emilio Pettersen in IceHogs zone.
10:51 of 3rd period - Shot by Christian Fischer.
10:51 of 3rd period - Stopped by Gustav Grigals without a rebound.
10:52 of 3rd period - Zack MacEwen wins face-off versus Valtteri Puustinen in Monsters zone.
10:52 of 3rd period - Zack MacEwen is hit by Valtteri Puustinen.
10:55 of 3rd period - Minor Penalty to Jan Jenik for Elbowing.
10:56 of 3rd period - Owen Sillinger wins face-off versus Egor Afanasyev in IceHogs zone.
11:19 of 3rd period - Shot by Jacob Larsson.
11:19 of 3rd period - Shot Blocked by Egor Afanasyev.
11:44 of 3rd period - Shot by Justin Barron.
11:44 of 3rd period - Stopped by Philipp Grubauer without a rebound.
11:45 of 3rd period - Ethen Frank wins face-off versus Mathias Emilio Pettersen in IceHogs zone.
11:45 of 3rd period - Ethen Frank is hit by Zack MacEwen.
12:09 of 3rd period - Shot by Justin Barron.
12:09 of 3rd period - Shot Blocked by Grant Hutton.
12:11 of 3rd period - Shot by Isaak Phillips.
12:11 of 3rd period - Stopped by Philipp Grubauer without a rebound.
12:12 of 3rd period - Owen Sillinger wins face-off versus Egor Afanasyev in IceHogs zone.
13:06 of 3rd period - Shot by Mathias Emilio Pettersen.
13:06 of 3rd period - Stopped by Philipp Grubauer without a rebound.
13:07 of 3rd period - Jan Jenik wins face-off versus Zack MacEwen in IceHogs zone.
13:07 of 3rd period - Jan Jenik is hit by Zack MacEwen.
13:25 of 3rd period - Shot by Owen Sillinger.
13:25 of 3rd period - Shot Misses the Net.
13:49 of 3rd period - Icing by Markus Niemelainen.
13:50 of 3rd period - Philip Tomasino wins face-off versus Mathias Emilio Pettersen in IceHogs zone.
14:01 of 3rd period - Shot by Drew Callin.
14:01 of 3rd period - Shot Blocked by Markus Niemelainen.
14:03 of 3rd period - Shot by Mathias Emilio Pettersen.
14:03 of 3rd period - Goal by Mathias Emilio Pettersen - IceHogs : 2 - Monsters : 3.
14:04 of 3rd period - Ethen Frank wins face-off versus Erik Middendorf in neutral zone.
14:09 of 3rd period - Icing by Kevin Gravel.
14:10 of 3rd period - Ethen Frank wins face-off versus Erik Middendorf in Monsters zone.
14:29 of 3rd period - Shot by Mason Morelli.
14:29 of 3rd period - Shot Misses the Net.
14:31 of 3rd period - Shot by Mackie Samoskevich.
14:31 of 3rd period - Stopped by Philipp Grubauer without a rebound.
14:32 of 3rd period - Drew Callin wins face-off versus Egor Afanasyev in IceHogs zone.
14:44 of 3rd period - Mathias Emilio Pettersen is hit by Dennis Gilbert and loses puck.
15:31 of 3rd period - Shot by Filip Zadina.
15:31 of 3rd period - Stopped by Gustav Grigals without a rebound.
15:32 of 3rd period - Andrew Poturalski wins face-off versus Owen Sillinger in Monsters zone.
15:42 of 3rd period - Off-side.
15:43 of 3rd period - Zack MacEwen wins face-off versus Ethen Frank in neutral zone.
16:02 of 3rd period - Shot by Ethen Frank.
16:02 of 3rd period - Stopped by Gustav Grigals without a rebound.
16:03 of 3rd period - Erik Middendorf wins face-off versus Andrew Poturalski in Monsters zone.
16:08 of 3rd period - Shot by Mackie Samoskevich.
16:08 of 3rd period - Deflect By Mason Morelli.
16:08 of 3rd period - Shot Misses the Net.
17:00 of 3rd period - Minor Penalty to Zack MacEwen for Delaying the game.
17:01 of 3rd period - Mike Vecchione wins face-off versus Egor Afanasyev in Monsters zone.
18:24 of 3rd period - Shot by Andrew Poturalski.
18:24 of 3rd period - Stopped by Gustav Grigals without a rebound.
18:25 of 3rd period - Ethen Frank wins face-off versus Mason Morelli in Monsters zone.
19:09 of 3rd period - IceHogs, Philipp Grubauer is pulled from the net.
Goals for this period are 2 for IceHogs vs 1 for Monsters.
Shots for this period are 22 for IceHogs vs 10 for Monsters.